Map: Disco Bloodbath LE

Players

SortOf

  • Race: Zerg Zerg
  • League: Platinum
  • Spawn Location: 3:00

uThermal - Winner!

  • Race: Terran Terran
  • Spawn Location: 9:00

VOD

Have the link to the VOD?

Description

Time

  • Played on: Sept. 7, 2019, 12:21 p.m.
  • Length: 12:25
Show
View Real Time Build Order
Export as new Build Order

SortOf Zerg 

Build Orders: Hatch First 

Get SALT Encoding   

  12  0:00  Drone  
  13  0:13  Overlord  
  13  0:20  Drone  
  14  0:32  Drone  
  14  0:33  Drone  
  16  0:49  Hatchery  
  15  0:52  Drone  
  15  0:56  Drone  
  17  0:59  Drone  
  18  1:10  Extractor  
  17  1:15  Spawning Pool  
  17  1:17  Drone  
  17  1:20  Drone  
  18  1:28  Drone  
  19  1:39  Drone  
  20  1:49  Overlord  
  20  2:01  Queen x2  
  20  2:02  Zergling x4  
  26  2:11  Drone  
  26  2:12  Metabolic Boost, Drone  
  28  2:22  Drone  
  29  2:23  Drone  
  30  2:32  Overlord  
  30  2:34  Drone  
  31  2:37  Queen  
  33  2:46  Drone x2  
  33  2:50  Pneumatized Carapace  
  35  2:57  Hatchery  
  34  2:59  Drone  
  34  3:03  Drone  
  36  3:07  Drone x2  
  38  3:18  Drone x4  
  42  3:26  Queen  
  44  3:27  Overlord  
  44  3:31  Overlord  
  44  3:45  Queen  
  44  3:47  Drone  
  44  3:48  Drone  
  48  3:49  Drone x3  
  48  3:53  Zergling x6  
  54  4:00  Drone x2  
  56  4:04  Spore Crawler, Lair  
  56  4:09  Queen  
  57  4:10  Drone x3  
  57  4:16  Overlord  
  60  4:18  Drone x4  
  60  4:21  Queen  
  66  4:24  Overlord  
  66  4:33  Extractor  
  66  4:35  Roach Warren  
  66  4:37  Zergling x10  
  69  4:41  Overlord  
  69  4:44  Zergling x6  
  67  4:57  Zergling x6  
  65  5:00  Drone x2  
  65  5:01  Drone x6  
  73  5:07  Drone  
  73  5:11  Overseer  
  74  5:16  Overlord  
  74  5:18  Drone  
  75  5:23  Glial Reconstitution  
  75  5:24  Drone x3  
  75  5:25  Extractor  
  77  5:29  Drone  
  77  5:33  Overlord  
  77  5:35  Drone x9  
  87  5:38  Overlord x2  
  87  5:44  Infestation Pit, Evolution Chamber  
  83  5:59  Drone x3  
  83  6:03  Zergling x2  
  74  6:16  Drone x7  
  74  6:19  Drone  
  74  6:21  Zerg Missile Weapons Level 1  
  74  6:25  Drone  
  70  6:35  Drone x2  
  70  6:39  Drone  
  73  6:40  Queen  
  73  6:43  Hatchery, Drone x2  
  76  6:50  Baneling Nest  
  76  6:51  Roach  
  76  6:53  Roach x2  
  81  6:55  Extractor x2  
  81  6:56  Pathogen Glands  
  79  7:01  Roach  
  79  7:05  Overlord  
  79  7:06  Roach  
  79  7:07  Extractor  
  82  7:12  Zergling x8  
  82  7:14  Drone  
  87  7:16  Drone x4  
  91  7:23  Drone  
  90  7:31  Drone x5  
  93  7:39  Drone x3  
  93  7:40  Hive  
  93  7:41  Centrifical Hooks  
  96  7:44  Evolution Chamber  
  96  7:45  Drone x3  
  96  7:48  Infestor x3  
  104  7:56  Roach x4  
  104  7:57  Zergling x2  
  110  8:01  Roach x3  
  115  8:06  Extractor  
  115  8:09  Roach  
  115  8:10  Zergling x2, Roach  
  115  8:11  Baneling  
  115  8:12  Overseer  
  119  8:17  Extractor, Drone x4  
  122  8:24  Overlord  
  122  8:26  Zergling x10  
  127  8:30  Overlord  
  127  8:31  Hatchery  
  126  8:44  Zergling x20  
  126  8:47  Baneling x11  
  133  8:56  Spire  
  133  8:59  Zergling x2, Roach x6  
  133  9:01  Zerg Melee Weapons Level 1  
  143  9:06  Drone  
  138  9:12  Drone x6  
  139  9:20  Zerg Missile Weapons Level 2  
  139  9:24  Queen  
  139  9:28  Drone x2  
  139  9:31  Overlord  
  139  9:42  Overlord  
  124  9:50  Drone x15  
  129  9:57  Drone x7  
  111  10:07  Roach x4  
  111  10:08  Drone x3  
  120  10:17  Ravager x5, Spine Crawler  
  120  10:18  Ravager, Zergling x6  
  120  10:19  Zergling x8  
  132  10:24  Zergling x2  
  132  10:26  Roach x2  
  137  10:30  Queen  
  137  10:31  Zergling x6  
  133  10:37  Greater Spire  
  133  10:39  Drone x7  
  130  10:44  Roach  
  130  10:45  Roach x2  
  130  10:48  Roach  
  119  10:50  Roach  
  119  10:51  Roach x2  
  119  10:57  Infestor x3  
  120  11:03  Roach x4  
  133  11:06  Roach  
  133  11:09  Roach x3  
  133  11:10  Zergling x4  
  141  11:15  Zergling x8  
  141  11:19  Roach x3  
  141  11:21  Ravager x4  
  144  11:28  Roach x3  
  145  11:37  Roach x5  
  145  11:38  Roach  
  133  11:40  Baneling x5  
  133  11:41  Roach  
  133  11:42  Zergling x2  
  136  11:47  Ravager  
  136  11:48  Ravager x6, Extractor  
  136  11:49  Overlord  
  142  11:55  Overlord  
  142  11:56  Ravager  
Show
View Real Time Build Order
Export as new Build Order

uThermal Terran - Winner!

Build Orders:  

Get SALT Encoding   

  12  0:01  SCV  
  13  0:13  SCV  
  14  0:17  Supply Depot  
  14  0:25  SCV  
  15  0:38  SCV  
  15  0:40  Barracks  
  16  0:43  Refinery  
  16  0:50  SCV  
  17  1:02  SCV  
  18  1:15  SCV  
  19  1:27  Orbital Command, Barracks Reactor  
  19  1:40  Command Center  
  19  1:49  Supply Depot  
  19  1:53  SCV  
  20  2:02  Marine  
  20  2:03  Marine  
  20  2:05  SCV  
  23  2:11  Factory  
  23  2:17  SCV  
  23  2:20  Marine x2  
  26  2:29  SCV  
  27  2:30  Refinery  
  27  2:38  Marine x2  
  27  2:41  SCV  
  30  2:52  Orbital Command  
  30  2:53  SCV  
  30  2:56  Starport  
  31  2:59  Marine x2  
  31  3:01  Factory Reactor  
  33  3:05  SCV  
  34  3:13  Supply Depot  
  34  3:17  Marine x2, SCV  
  36  3:20  SCV  
  37  3:30  SCV  
  37  3:32  SCV  
  39  3:34  Marine  
  39  3:35  Marine  
  41  3:41  Medivac x2  
  41  3:42  SCV  
  41  3:44  SCV  
  41  3:46  Widow Mine  
  49  3:52  Marine x2, Supply Depot  
  49  3:54  SCV  
  52  3:57  SCV  
  53  4:06  SCV, Supply Depot  
  54  4:14  Liberator, Command Center  
  54  4:18  Liberator, Hellion  
  54  4:20  Hellion  
  54  4:23  Supply Depot  
  58  4:25  SCV  
  58  4:28  SCV  
  66  4:40  Refinery  
  66  4:42  Refinery  
  67  4:45  SCV  
  67  4:49  Hellion  
  69  4:54  SCV  
  64  5:01  Hellion  
  64  5:02  SCV  
  64  5:06  SCV  
  68  5:07  Supply Depot  
  68  5:12  Factory  
  68  5:13  Factory  
  68  5:14  Hellion  
  70  5:15  SCV  
  70  5:18  SCV  
  72  5:22  Hellion  
  72  5:26  Orbital Command  
  72  5:27  SCV  
  75  5:30  SCV  
  76  5:37  Factory x2  
  76  5:39  SCV  
  76  5:41  Hellion  
  76  5:42  SCV  
  80  5:51  SCV  
  80  5:54  SCV x2  
  83  5:58  Factory Tech Lab x2  
  83  6:03  SCV  
  74  6:06  SCV x2  
  74  6:07  Hellion  
  74  6:09  Hellion  
  77  6:15  SCV  
  73  6:18  Cyclone x2  
  73  6:19  Mag-Field Accelerator  
  73  6:21  Infernal Pre-Igniter, SCV  
  73  6:23  Factory Reactor  
  77  6:26  Orbital Command  
  77  6:27  SCV  
  77  6:29  Hellion  
  76  6:33  Factory Tech Lab, SCV, Refinery  
  76  6:34  Hellion  
  76  6:36  Refinery  
  76  6:39  SCV  
  77  6:44  Armory  
  77  6:45  SCV  
  78  6:50  Hellion  
  78  6:51  SCV x2, Hellion  
  84  6:55  Cyclone  
  84  6:57  SCV  
  84  7:01  Armory  
  88  7:02  Hellion  
  88  7:03  SCV x2  
  88  7:07  Supply Depot  
  88  7:08  Hellion  
  94  7:09  SCV  
  94  7:14  Supply Depot  
  95  7:15  SCV x2  
  95  7:18  Cyclone, Supply Depot  
  95  7:21  SCV  
  101  7:27  Supply Depot  
  101  7:29  Cyclone, SCV, Hellion x2  
  109  7:34  Cyclone  
  109  7:35  SCV, Hellion  
  107  7:47  Terran Vehicle And Ship Armor Level 1, Terran Vehicle Weapons Level 1  
  107  7:49  Hellion  
  107  7:50  Command Center, Cyclone  
  112  7:53  Hellion  
  112  7:57  Hellion  
  116  8:00  Hellion  
  116  8:01  Cyclone  
  121  8:06  Hellion  
  121  8:10  Hellion  
  125  8:13  Supply Depot x2  
  125  8:15  Hellion  
  125  8:19  Factory x2  
  127  8:20  Factory  
  127  8:26  Cyclone  
  132  8:27  Hellion  
  132  8:31  Supply Depot  
  132  8:34  Cyclone  
  132  8:35  Cyclone, Hellion  
  132  8:37  Hellion, Supply Depot  
  144  8:48  Hellion  
  144  8:53  Hellion  
  146  8:58  Cyclone  
  146  9:02  Supply Depot  
  147  9:07  Cyclone x2, Hellion  
  147  9:09  Hellion  
  155  9:10  Factory Tech Lab x2, Factory Reactor  
  155  9:12  Hellion  
  151  9:20  Command Center  
  151  9:30  Siege Tank, Hellion  
  156  9:34  Siege Tank, Hellion  
  161  9:39  Siege Tank x3, Hellion  
  161  9:41  Hellion  
  161  9:44  Terran Vehicle And Ship Armor Level 2  
  174  9:49  Hellion  
  174  9:50  Terran Vehicle Weapons Level 2  
  166  9:59  Hellion x2  
  150  10:02  Siege Tank  
  150  10:03  Hellion  
  149  10:08  SCV  
  149  10:12  SCV, Engineering Bay  
  151  10:15  Hellion  
  151  10:18  Hellion  
  151  10:21  SCV  
  156  10:22  Siege Tank  
  156  10:23  Hellion  
  156  10:26  Refinery  
  156  10:27  SCV, Refinery  
  162  10:30  Siege Tank  
  165  10:36  Siege Tank, Hellion  
  165  10:40  Hellion  
  167  10:43  Hellion  
  167  10:44  Siege Tank  
  167  10:49  Hellion  
  158  10:50  Hellion  
  158  10:52  Hellion  
  158  10:54  Hellion  
  158  10:56  Planetary Fortress  
  162  11:03  Siege Tank, Hellion  
  167  11:07  Siege Tank  
  167  11:08  Hellion  
  167  11:10  Hellion  
  174  11:15  Siege Tank, Hellion  
  170  11:21  Siege Tank, Hellion  
  166  11:31  Command Center  
  164  11:35  Hellion  
  164  11:38  Siege Tank  
  164  11:39  Hellion  
  160  11:42  Hellion  
  160  11:43  Hellion  
  160  11:44  Hellion  
  166  11:48  Siege Tank  
  166  11:50  Hellion  
Tags
 
Add a new tag
Caveats
  • Supply blocks, unpowered buildings, or Contaminate may cause inaccurate times.
  • Supply counts are checked every 10 seconds.